Map: Winter's Gate LE

Players

Namshar - Winner!

  • Race: Zerg Zerg
  • Spawn Location: 5:00

DisK

  • Race: Protoss Protoss
  • Spawn Location: 11:00

VOD

Have the link to the VOD?

Description

Time

  • Played on: Sept. 6, 2019, 4:44 p.m.
  • Length: 22:34
Show
View Real Time Build Order
Export as new Build Order

Namshar Zerg - Winner!

Build Orders: Hatch First, Brood Lord Corruptor, Roach Hydra 

Get SALT Encoding   

  12  0:00  Drone  
  13  0:11  Overlord  
  13  0:16  Drone  
  14  0:30  Drone x2  
  16  0:47  Hatchery  
  15  0:51  Drone  
  15  0:54  Drone  
  17  0:57  Drone  
  18  1:08  Extractor  
  17  1:13  Spawning Pool  
  17  1:15  Drone  
  17  1:18  Drone  
  18  1:27  Drone  
  19  1:38  Drone  
  20  1:48  Overlord  
  20  1:59  Queen x2  
  20  2:00  Zergling x4  
  26  2:10  Drone x2  
  28  2:20  Drone  
  28  2:22  Drone  
  30  2:39  Pneumatized Carapace  
  30  2:41  Drone x2  
  30  2:42  Overlord  
  32  2:44  Drone  
  32  2:46  Hatchery  
  32  2:51  Queen  
  32  2:56  Drone  
  35  2:59  Overlord  
  35  3:03  Drone  
  36  3:07  Drone  
  36  3:12  Drone  
  37  3:13  Zergling x2, Drone x2  
  37  3:17  Overlord  
  37  3:18  Drone  
  41  3:24  Zergling x2  
  41  3:25  Drone  
  43  3:27  Spore Crawler  
  43  3:30  Queen  
  43  3:33  Drone  
  45  3:35  Drone  
  46  3:46  Drone  
  47  3:49  Spore Crawler  
  47  3:50  Drone  
  47  3:51  Queen  
  47  3:52  Drone x4  
  53  3:58  Spore Crawler  
  53  4:00  Drone x3  
  55  4:03  Drone x2  
  55  4:09  Drone x2  
  59  4:10  Drone  
  59  4:13  Metabolic Boost  
  59  4:15  Zergling x2  
  61  4:26  Drone x5  
  66  4:34  Overlord x2  
  66  4:35  Lair  
  66  4:37  Extractor  
  65  4:39  Extractor  
  65  4:42  Drone x2  
  66  4:48  Extractor  
  66  4:50  Roach Warren  
  64  4:53  Drone x10  
  64  4:59  Overlord x2  
  72  5:09  Evolution Chamber  
  72  5:14  Overlord  
  71  5:19  Drone, Extractor x2  
  71  5:20  Drone x5  
  75  5:21  Drone  
  76  5:28  Overlord x2  
  76  5:29  Overlord  
  76  5:30  Roach  
  76  5:31  Roach x4  
  76  5:33  Roach  
  88  5:39  Overlord x2  
  88  5:40  Glial Reconstitution  
  88  5:41  Zerg Missile Weapons Level 1  
  88  5:44  Hydralisk Den, Roach  
  88  5:46  Roach x2  
  91  6:01  Drone  
  91  6:02  Drone x2  
  92  6:04  Drone x2  
  92  6:06  Drone, Hatchery  
  92  6:07  Drone x2  
  92  6:08  Drone  
  97  6:13  Overseer  
  97  6:15  Roach x3  
  103  6:18  Overlord  
  103  6:19  Overlord x2  
  103  6:22  Roach  
  103  6:25  Roach x2  
  109  6:27  Roach  
  109  6:29  Ravager x2  
  113  6:35  Roach x4  
  113  6:39  Ravager  
  127  6:40  Roach x3  
  127  6:43  Roach  
  127  6:44  Roach  
  131  6:48  Ravager  
  131  6:53  Roach x6  
  144  7:03  Roach x4  
  150  7:14  Roach  
  150  7:15  Roach x3  
  151  7:19  Queen  
  149  7:23  Drone  
  149  7:26  Muscular Augments  
  149  7:29  Overlord x2  
  148  7:30  Drone x8  
  156  7:42  Overlord x2  
  156  7:44  Zerg Missile Weapons Level 2  
  156  7:47  Overlord  
  156  7:52  Overlord, Hydralisk  
  156  7:53  Hydralisk x5  
  168  7:59  Overlord x2  
  168  8:03  Overseer  
  168  8:04  Hydralisk  
  168  8:05  Hydralisk x4  
  178  8:12  Ravager  
  179  8:14  Ravager  
  179  8:17  Hydralisk x2  
  184  8:29  Extractor, Hydralisk  
  184  8:30  Hydralisk x3  
  191  8:38  Grooved Spines, Hatchery  
  190  8:46  Hydralisk x6  
  192  8:54  Hydralisk x2  
  186  9:04  Hydralisk x4  
  186  9:05  Zergling x30  
  189  9:10  Zergling x4, Roach  
  172  9:17  Roach x2  
  172  9:24  Roach, Hydralisk  
  154  9:25  Roach  
  154  9:29  Hydralisk  
  154  9:30  Hydralisk x5  
  161  9:36  Drone  
  161  9:38  Baneling Nest  
  161  9:39  Drone x8  
  161  9:41  Extractor  
  166  9:51  Hydralisk  
  166  9:52  Hydralisk x4  
  165  9:56  Hydralisk x3  
  159  10:03  Hydralisk  
  159  10:04  Hydralisk x3  
  159  10:05  Zergling x2, Overseer  
  138  10:15  Drone  
  138  10:18  Infestation Pit  
  138  10:26  Drone  
  139  10:29  Drone, Zerg Melee Weapons Level 1  
  139  10:31  Evolution Chamber, Centrifical Hooks  
  139  10:34  Drone, Hydralisk x5  
  150  10:36  Zergling x18  
  159  10:45  Hydralisk  
  159  10:46  Zergling x16  
  169  10:52  Drone  
  169  11:02  Hive  
  169  11:03  Drone  
  170  11:04  Spire  
  170  11:07  Baneling x10, Overseer  
  169  11:13  Hatchery  
  169  11:15  Baneling  
  169  11:16  Baneling x6, Zergling x14  
  169  11:17  Zergling x2  
  173  11:36  Overseer  
  173  11:41  Baneling x6  
  173  11:43  Baneling x8, Hydralisk x4  
  173  11:44  Zergling x26  
  194  11:52  Extractor x2  
  192  12:06  Drone x2  
  193  12:14  Adrenal Glands  
  193  12:16  Greater Spire  
  193  12:17  Zergling x18  
  193  12:19  Baneling x8  
  193  12:20  Baneling x7  
  200  12:36  Baneling x11  
  200  12:46  Baneling x6  
  200  12:56  Corruptor x2  
  200  12:57  Corruptor x2  
  200  13:03  Zerg Melee Weapons Level 2  
  200  13:04  Zerg Missile Weapons Level 3  
  199  13:15  Corruptor x3  
  200  13:33  Brood Lord  
  197  13:42  Brood Lord x3  
  197  13:48  Queen  
  197  13:50  Brood Lord  
  199  13:58  Zerg Flyer Weapons Level 1  
  199  14:01  Brood Lord x2  
  197  14:08  Pathogen Glands, Burrow  
  184  14:34  Corruptor x4  
  183  14:43  Corruptor  
  183  14:44  Corruptor  
  172  14:54  Queen x2  
  172  14:58  Spore Crawler, Drone  
  172  14:59  Spine Crawler  
  175  15:00  Spine Crawler  
  175  15:01  Hydralisk  
  175  15:02  Hydralisk x3  
  175  15:03  Zergling x10  
  175  15:04  Brood Lord  
  175  15:05  Brood Lord x3  
  195  15:09  Hatchery  
  191  15:16  Brood Lord x2  
  191  15:20  Zergling x2, Hydralisk x2  
  190  15:46  Hydralisk x6  
  190  15:47  Zergling x16  
  190  15:49  Zergling x2, Hydralisk  
  196  15:50  Zergling x14  
  196  15:52  Zerg Flyer Weapons Level 2  
  196  15:53  Zerg Melee Weapons Level 3  
  196  15:54  Zerg Ground Armor Level 1, Corruptor  
  196  15:55  Corruptor  
  199  16:06  Baneling x12  
  199  16:18  Baneling x12  
  195  16:48  Infestor x2  
  195  16:53  Brood Lord x2  
  198  17:03  Spore Crawler  
  198  17:04  Spine Crawler  
  198  17:05  Spine Crawler  
  198  17:06  Spine Crawler  
  194  17:09  Spine Crawler  
  194  17:10  Drone x2  
  194  17:11  Drone x4  
  187  17:48  Queen  
  187  17:49  Queen  
  187  17:50  Corruptor x3  
  187  17:51  Corruptor x2  
  193  17:56  Hydralisk  
  199  18:14  Spore Crawler x2  
  199  18:15  Spine Crawler  
  199  18:17  Spore Crawler, Spine Crawler  
  192  18:22  Corruptor x3  
  192  18:25  Infestor  
  198  18:33  Brood Lord x2  
  198  18:44  Zerg Ground Armor Level 2  
  198  18:46  Zerg Flyer Weapons Level 3  
  198  18:58  Extractor  
  197  19:03  Infestor  
  197  19:04  Extractor  
  198  19:16  Drone x3  
  199  19:20  Spine Crawler x2  
  199  19:21  Infestor x2, Spine Crawler  
  199  19:23  Spine Crawler x2  
  199  19:24  Spine Crawler  
  194  19:25  Brood Lord x2  
  196  19:48  Hydralisk  
  196  19:49  Zergling x8  
  193  19:56  Corruptor x2  
  193  19:57  Corruptor x2  
  193  19:58  Infestor x3  
  199  20:03  Brood Lord, Corruptor  
  199  20:18  Extractor, Hatchery  
  197  20:21  Extractor  
  197  20:23  Spore Crawler  
  197  20:26  Corruptor x5  
  195  20:31  Infestor x2, Hydralisk x5  
  195  20:33  Spine Crawler  
  195  20:35  Infestor, Spine Crawler  
  191  20:36  Corruptor x3  
  191  20:40  Zergling x2  
  192  20:53  Hydralisk x4  
  195  21:13  Corruptor x2  
  171  21:26  Corruptor x2  
  171  21:27  Corruptor  
  171  21:28  Hydralisk x3  
  171  21:29  Zergling x10  
  180  21:34  Corruptor  
  180  21:38  Corruptor  
  178  21:40  Zergling x2  
  178  21:41  Zergling x14  
  184  21:58  Brood Lord  
  184  21:59  Brood Lord  
  184  22:00  Hydralisk  
  184  22:01  Zergling x22  
  200  22:21  Spore Crawler, Spine Crawler  
Show
View Real Time Build Order
Export as new Build Order

DisK Protoss 

Build Orders: 1 Gate Expand, Oracle Opening, Phoenix Opening, Archon Immortal, Archon Drop 

Get SALT Encoding   

  12  0:00  Probe  
  13  0:12  Probe  
  14  0:19  Pylon  
  14  0:24  Probe  
  15  0:35  Probe  
  15  0:39  Gateway  
  16  0:43  Probe  
  16  0:49  Assimilator  
  17  0:52  Probe  
  19  1:04  Probe  
  19  1:16  Probe  
  20  1:23  Nexus  
  20  1:29  Probe  
  21  1:37  Cybernetics Core  
  21  1:42  Probe  
  21  1:46  Assimilator  
  22  1:53  Pylon  
  22  1:55  Probe  
  23  2:03  Adept  
  23  2:11  Probe  
  26  2:18  Stargate  
  26  2:23  Probe  
  26  2:28  Adept  
  27  2:33  Pylon  
  27  2:35  Probe  
  27  2:36  Probe  
  28  2:41  Warp Gate  
  30  2:46  Probe  
  30  2:48  Probe  
  32  2:56  Gateway  
  32  2:59  Phoenix  
  32  3:00  Probe  
  32  3:03  Probe  
  36  3:13  Probe  
  36  3:15  Probe  
  36  3:17  Pylon  
  38  3:24  Oracle  
  38  3:26  Probe  
  42  3:27  Probe  
  43  3:36  Robotics Facility  
  43  3:37  Probe  
  43  3:38  Probe  
  45  3:45  Probe, Assimilator x2  
  45  3:50  Probe  
  45  3:54  Probe  
  47  3:57  Twilight Council  
  47  4:02  Probe  
  49  4:06  Probe  
  50  4:11  Gateway  
  50  4:13  Gateway  
  50  4:14  Probe  
  51  4:18  Probe  
  51  4:20  Pylon  
  52  4:26  Probe  
  52  4:30  Probe  
  52  4:31  Warp Prism  
  54  4:34  Pylon  
  56  4:38  Probe  
  56  4:40  Templar Archives  
  57  4:48  Probe  
  57  4:50  Probe  
  57  4:51  Pylon  
  59  4:54  Zealot  
  61  5:06  Nexus  
  61  5:13  Pylon  
  61  5:14  Probe  
  61  5:15  Observer  
  61  5:21  Probe  
  64  5:25  High Templar x4  
  72  5:28  Gateway  
  72  5:29  Gateway, Archon x2  
  72  5:30  Immortal  
  72  5:32  Forge  
  72  5:34  Probe  
  72  5:35  Probe  
  78  5:47  Probe  
  79  6:00  Probe, Protoss Ground Weapons Level 1  
  79  6:01  Probe  
  79  6:02  Immortal  
  81  6:04  Charge  
  85  6:12  Probe  
  85  6:14  Shield Battery  
  85  6:17  Shield Battery  
  86  6:21  Pylon  
  86  6:22  Sentry x2  
  86  6:23  Zealot x2  
  86  6:25  Probe x2  
  96  6:36  Probe  
  96  6:37  Probe  
  98  6:40  Stalker x2  
  98  6:41  Probe  
  98  6:43  Assimilator  
  98  6:44  Assimilator  
  103  6:47  Zealot x3  
  109  6:54  Pylon  
  109  6:55  Pylon  
  109  7:06  Probe  
  106  7:11  Zealot x5  
  106  7:13  Immortal  
  102  7:21  Probe x3  
  93  7:32  Robotics Bay  
  93  7:33  Probe x2  
  91  7:37  Shield Battery  
  91  7:38  Shield Battery  
  91  7:40  Pylon  
  91  7:45  Immortal, Sentry x3  
  91  7:46  Zealot x3  
  91  7:51  Probe x3  
  106  7:55  Pylon  
  106  7:58  Robotics Facility  
  110  8:10  Photon Cannon, Probe  
  110  8:12  Photon Cannon  
  111  8:16  Disruptor  
  111  8:21  High Templar x2  
  111  8:22  High Templar x2, Stalker x2  
  126  8:27  Archon x2  
  126  8:33  Shield Battery  
  126  8:35  Shield Battery  
  124  8:48  Zealot  
  124  8:49  Disruptor, Zealot  
  124  8:51  Disruptor  
  130  9:05  Zealot  
  130  9:06  Zealot x3  
  126  9:15  Disruptor  
  118  9:17  Disruptor  
  118  9:20  Zealot x2  
  110  9:28  Zealot x4  
  115  9:38  Gateway x2  
  115  9:40  Gateway, Pylon x2  
  115  9:46  Disruptor  
  115  9:47  Zealot x2  
  115  9:49  Protoss Ground Weapons Level 2  
  115  9:52  Zealot x4  
  113  10:03  Colossus  
  102  10:08  Blink  
  102  10:09  Zealot  
  102  10:10  Zealot  
  102  10:13  Zealot x4  
  120  10:17  Extended Thermal Lance  
  120  10:25  Colossus  
  120  10:32  Shield Battery  
  120  10:34  Shield Battery  
  126  10:38  Stalker x5  
  126  10:39  Zealot x3  
  126  10:40  Zealot  
  144  10:51  Colossus  
  144  10:54  Nexus  
  147  11:05  Probe x2  
  147  11:07  Pylon  
  147  11:09  Pylon  
  149  11:11  Templar Archives  
  149  11:19  Photon Cannon  
  149  11:21  Photon Cannon  
  149  11:30  Stalker x4  
  157  11:40  Stalker x2  
  157  11:42  Oracle  
  157  11:45  Psionic Storm  
  164  11:53  Nexus  
  164  11:57  Zealot x3  
  164  11:59  High Templar  
  172  12:02  Pylon  
  170  12:23  High Templar x3  
  170  12:25  Zealot x2  
  170  12:26  Protoss Ground Weapons Level 3  
  178  12:33  Observer  
  179  12:40  Pylon  
  179  12:58  Colossus  
  179  13:03  Zealot  
  179  13:04  Zealot x2  
  189  13:07  Zealot x5  
  196  13:22  Zealot  
  196  13:31  High Templar  
  198  13:41  Assimilator x2  
  176  13:51  Colossus  
  178  14:07  High Templar x4  
  178  14:08  High Templar x2  
  190  14:10  Zealot  
  190  14:11  Zealot x2  
  190  14:12  Archon x3  
  183  14:32  Zealot  
  183  14:33  Zealot x2  
  186  14:38  Archon  
  186  14:42  Zealot x5  
  190  14:48  Gateway  
  190  14:50  Fleet Beacon  
  190  14:52  Gateway  
  190  14:53  Zealot x4  
  190  14:55  Stargate  
  190  14:56  Gravitic Boosters  
  198  15:18  Stalker  
  200  15:28  Stalker  
  197  15:36  Nexus  
  197  15:37  High Templar x2  
  143  15:51  Stalker x7  
  155  16:10  Stalker x4  
  163  16:17  Stalker x5  
  171  16:19  Tempest  
  171  16:25  Pylon  
  176  16:29  Pylon  
  176  16:36  High Templar x4  
  184  16:41  Archon x2  
  184  16:42  High Templar x4  
  184  16:43  Stalker x3  
  184  16:46  Archon x2  
  198  17:03  Photon Cannon  
  198  17:06  Photon Cannon  
  198  17:10  Protoss Ground Armor Level 1  
  198  17:15  Gravitic Drive  
  198  17:19  Assimilator x2  
  198  17:22  Shield Battery  
  198  17:24  Shield Battery  
  198  17:26  Shield Battery  
  194  17:31  Zealot x2  
  194  17:32  Zealot x6  
  190  17:40  Probe x3  
  183  17:46  Probe x2  
  183  17:48  Probe x3  
  181  17:54  Probe  
  181  17:58  Tempest  
  178  18:07  Photon Cannon  
  173  18:13  Zealot x4  
  173  18:14  Zealot x3  
  179  18:25  Tempest  
  179  18:26  Tempest  
  177  18:46  High Templar x3  
  177  18:47  High Templar  
  185  18:52  Stalker x2  
  185  18:53  Stalker  
  191  19:02  Zealot  
  191  19:03  Zealot  
  191  19:06  Nexus  
  193  19:10  Pylon  
  193  19:24  Tempest  
  181  19:28  Probe x3  
  181  19:31  Zealot  
  189  19:39  Zealot  
  191  19:52  Archon x2  
  191  19:56  Oracle, High Templar x3  
  196  20:13  Probe x3  
  196  20:14  Probe  
  181  20:39  Zealot x8  
  191  20:49  Probe x3  
  195  20:50  Probe  
  80  21:40  Stalker  
  80  21:41  Stalker x10  
  80  21:47  Archon  
  72  22:15  Stalker x5  
  72  22:16  Zealot x3, Stalker x2  
  72  22:18  Stalker  
Tags
 
Add a new tag
Caveats
  • Supply blocks, unpowered buildings, or Contaminate may cause inaccurate times.
  • Supply counts are checked every 10 seconds.